 Dungeon Crawl Stone Soup version 0.29.1-13-g9f3cf754e1 (webtiles) character file.

Game seed: 14467655457386827227

168 Peloso the Covered (level 5, -2/46 HPs)
             Began as a Minotaur Fighter on Jan 25, 2023.
             Constricted to death by Duvessa (5 damage)
             ... on level 4 of the Dungeon.
             The game lasted 00:03:30 (3386 turns).

Peloso the Covered (Minotaur Fighter)               Turns: 3386, Time: 00:03:30

Health: -2/46      AC:  7    Str: 21    XL:     5   Next: 23%
Magic:  4/4        EV:  6    Int:  5    God:
Gold:   130        SH:  5    Dex: 11    Spells: 4/4 levels left

rFire   . . .      SeeInvis .   a - +1 long sword
rCold   . . .      Faith    .   c - +0 buckler
rNeg    . . .      Spirit   .   b - +0 scale mail
rPois   +          Reflect  .   (helmet restricted)
rElec   .          Harm     .   (no cloak)
rCorr   .          Rampage  .   (no gloves)
Will    .....                   (no boots)
Stlth   ..........              (no amulet)
HPRegen 0.15/turn               i - ring of poison resistance
MPRegen 0.09/turn               (no ring)

@: mighty, grasped by roots, constricted
A: horns 2, retaliatory headbutt
a: no special abilities


You were on level 4 of the Dungeon.
You visited 1 branch of the dungeon, and saw 4 of its levels.

You collected 130 gold pieces.

Inventory:

Hand Weapons
 a - a +1 long sword (weapon)
Armour
 b - a +0 scale mail (worn)
 c - a +0 buckler (worn)
Jewellery
 i - a ring of poison resistance (left hand)
Scrolls
 e - a scroll of enchant weapon
 k - a scroll of fog
 l - a scroll of enchant armour {unknown}
Potions
 d - 4 potions of might
 g - 2 potions of mutation
 j - a potion of brilliance


   Skills:
 + Level 4.2 Fighting
 + Level 4.2 Long Blades
 + Level 5.0 Armour
 + Level 1.0 Dodging
 + Level 4.4 Shields


You had 4 spell levels left.
You didn't know any spells.
Your spell library contained the following spells:

 Spells                   Type           Power      Damage    Failure   Level
 Gell's Gravitas          Tloc           0%         N/A       99%         3
 Lesser Beckoning         Tloc           0%         N/A       99%         3
 Teleport Other           Tloc           0%         N/A       99%         3


Dungeon Overview and Level Annotations

Branches:
Dungeon (4/15)
 Temple: D:4-7

Altars:
Ashenzari
Elyvilon
Sif Muna
Zin
The Shining One

Annotations:
D:4 Dowan, Duvessa


Innate Abilities, Weirdness & Mutations

You have a pair of horns on your head.
You reflexively headbutt those who attack you in melee.


Message History

You hit Dowan.
Dowan is lightly wounded.
You slash Duvessa!
Duvessa is moderately wounded.
You hit Duvessa.
Duvessa is heavily wounded.
Duvessa hits you with a +2 short sword of freezing!
Duvessa freezes you.
Unknown command.
You slash Duvessa!
Duvessa is severely wounded.
Duvessa hits you with a +2 short sword of freezing!
Duvessa freezes you. Duvessa hits you but does no damage.
You closely miss Duvessa. Your headbutt misses Duvessa.
Duvessa is severely wounded.
Duvessa hits you but does no damage.
You hit Duvessa.
Duvessa is almost dead.
Dowan says, "My weaknesses are her strengths!"
You block Duvessa's attack.
You barely miss Duvessa.
Duvessa is almost dead.
Dowan points at Duvessa and mumbles some strange words.
Duvessa seems to speed up.
Duvessa zaps a wand.
The roots erupt in riotous growth!
The grasping roots grab you!
Duvessa is unaffected.
Dowan is unaffected.
The grasping roots constrict you. Dowan hits you with a +0 dagger.
Duvessa hits you with a +2 short sword of freezing.
Duvessa freezes you. The grasping roots constrict you.
* * * LOW HITPOINT WARNING * * *
You hear a shout!
You hit Duvessa but do no damage. Your headbutt misses Duvessa.
Duvessa is almost dead.
Duvessa hits you with a +2 short sword of freezing.
* * * LOW HITPOINT WARNING * * *
Duvessa freezes you.
* * * LOW HITPOINT WARNING * * *
The grasping roots constrict you.
You die...

# # ##### #
#...#
####...######
............#
..........#.#
#...........#
..........#.#
#######
####...####.#
#e@e..# # #...#
#.###.###.# #
#...# #.....# #
#..## #.###.#
#..# #†# #...
#..# #.# ###.#
#........# .#
...............
.##.###.##.##...


You could see Duvessa (fast) and Dowan.

Vanquished Creatures
  An iguana (D:3)
  Terence (D:3)
  4 adders
  5 worms
  3 dart slugs
  An orc (D:3)
  6 bats
  2 endoplasms (D:2)
  3 giant cockroaches (D:1)
  5 goblins
  A hobgoblin (D:1)
  6 jackals
  3 quokkas
  8 ball pythons
  4 frilled lizards
  3 kobolds
  7 rats
63 creatures vanquished.

Notes
Turn   | Place    | Note
-------+----------+-------------------------------------------
     0 | D:1      | Peloso the Minotaur Fighter began the quest for the Orb.
     0 | D:1      | Reached XP level 1. HP: 19/19 MP: 0/0
   299 | D:1      | Reached XP level 2. HP: 27/27 MP: 1/1
   633 | D:1      | Reached skill level 4 in Armour
  1079 | D:2      | Reached XP level 3. HP: 18/33 MP: 2/2
  1864 | D:2      | Reached skill level 1 in Dodging
  2217 | D:3      | Found a faded altar of an unknown god.
  2228 | D:3      | Reached XP level 4. HP: 30/40 MP: 3/3
  2327 | D:3      | Noticed Terence
  2332 | D:3      | Killed Terence
  2641 | D:3      | Reached XP level 5. HP: 41/46 MP: 4/4
  2830 | D:3      | Found a broken altar of Ashenzari.
  2880 | D:3      | Found a shimmering blue altar of Sif Muna.
  2940 | D:3      | Reached skill level 5 in Armour
  3242 | D:3      | Found a white marble altar of Elyvilon.
  3242 | D:3      | Found a glowing silver altar of Zin.
  3242 | D:3      | Found a glowing golden altar of the Shining One.
  3376 | D:4      | Noticed Dowan
  3376 | D:4      | Noticed Duvessa
  3386 | D:4      | Constricted to death by Duvessa

Illustrated notes

Levels and vault maps discovered:
D:1:      dpeg_arrival_shelter, layout_loops_corners
D:2:      layout_basic
D:3:      layout_loops_ring, good_gods_mini_temple,
          mainiacjoe_overflow_surrounded_room, mainiacjoe_overflow_alcove_1,
          nicolae_ecumenical_pavilion, uniq_terence
D:4:      layout_loops_ring, serial_shops, nicolae_shop_crystal, uniq_duvessa,
          uniq_edmund

Skill      XL: |  1  2  3  4  5 |
---------------+----------------+-----
Shields        | 4 |  4.4
Fighting       | 4 |  4.2
Armour         | 4 5 |  5.0
Long Blades    | 3 4 |  4.2
Dodging        | 1 |  1.0

Action                   |  1- 3 |  4- 6 || total
-------------------------+-------+-------++-------
Melee: Long sword        |   113 |    52 ||   165
       Headbutt          |    18 |    10 ||    28
  Use: Scroll            |     3 |     1 ||     4
       Potion            |     1 |     5 ||     6
Armor: Scale mail        |    67 |    19 ||    86
Dodge: Dodged            |    58 |    21 ||    79
Block: Buckler           |    33 |    16 ||    49
